 Dungeon Sprint DCSS version 0.20-a0-1124-g2e29d97 (webtiles) character file.

291 poirepourri the Blocker (level 6, -1/66 HPs)
             Began as a Deep Dwarf Fighter on May 16, 2017.
             Was a Believer of Makhleb.
             Slain by a molten gargoyle
             ... wielding a +0 mace
              (9 damage)
             ... in the Dungeon (Sprint VII: "The Pits").
             The game lasted 00:00:45 (197 turns).

poirepourri the Blocker (Deep Dwarf Fighter)         Turns: 197, Time: 00:00:46

Health: -1/66      AC:  6    Str: 20    XL:     6   Next: 10%
Magic:  4/4        EV:  9    Int:  8    God:    Makhleb [**....]
Gold:   0          SH: 11    Dex: 14    Spells: 5/5 levels left

rFire    . . .     SeeInvis .   a - +0 war axe
rCold    . . .     Gourm    .   c - +0 shield
rNeg     . . .     Faith    .   b - +0 scale mail
rPois    .         Spirit   .   (no helmet)
rElec    .         Reflect  .   (no cloak)
rCorr    .         Harm     .   (no gloves)
MR       .....     NoTele   +   (no boots)
Stlth    ..........             (no amulet)
Regen    0.0/turn               (no ring)
MPRegen  0.1/turn               (no ring)

@: non-regenerating
A: damage resistance, heal wounds, sense surroundings 1, no regeneration
a: Heal Wounds, Minor Destruction, Renounce Religion


You were in the Dungeon.
You worshipped Makhleb.
Makhleb was pleased with you.
You were not hungry.

You visited 1 branch

Inventory:

Hand Weapons
 a - a +0 war axe (weapon)
Armour
 b - a +0 scale mail (worn)
 c - a +0 shield (worn)
Wands
 r - a wand of polymorph (11/24)
Scrolls
 k - a scroll of blinking
 m - 3 scrolls of remove curse
 n - 5 scrolls of amnesia
 o - a scroll of summoning
Potions
 d - a potion of might
 e - a potion of curing
 g - a potion of heal wounds
 h - a potion of haste
 i - 4 potions of magic
 j - 3 potions of berserk rage
 l - 2 potions of invisibility
 s - a potion of cancellation {unknown}
Comestibles
 f - 8 bread rations
 p - 40 fruits
 q - 7 meat rations


   Skills:
 + Level 7.4 Fighting
 + Level 7.7 Axes
 - Level 3.2 Armour
 + Level 2.4 Dodging
 + Level 8.7 Shields


You had 5 spell levels left.
You didn't know any spells.

Dungeon Overview and Level Annotations

Branches:
Dungeon (1/1)

Altars:
Ashenzari
Cheibriados
Dithmenos
Elyvilon
Fedhas
Gozag
Hepliaklqana
Kikubaaqudgha
Makhleb
Nemelex Xobeh
Okawaru
Qazlal
Ru
Sif Muna
Trog
Uskayaw
Vehumet
Wu Jian
Xom
Yredelemnul
Zin
The Shining One
Beogh
Jiyva
Lugonu


Innate Abilities, Weirdness & Mutations

You are resistant to damage.
You can heal yourself by infusing magical energy.
You passively map a small area around you.
You do not regenerate.


Message History

The molten gargoyle hits you with a mace.
You are engulfed in flames!
You hit the molten gargoyle but do no damage.
The molten gargoyle is moderately damaged.
The molten gargoyle blasts magma at you!
The bolt of magma hits you!
You closely miss the molten gargoyle.
The molten gargoyle is moderately damaged.
The molten gargoyle hits you with a mace!
* * * LOW HITPOINT WARNING * * *
You are engulfed in flames!
* * * LOW HITPOINT WARNING * * *
You hit the molten gargoyle but do no damage.
The molten gargoyle is moderately damaged.
The molten gargoyle closely misses you.
You hit the molten gargoyle.
The molten gargoyle is moderately damaged.
The molten gargoyle hits you with a mace.
You are engulfed in flames!
You die...

#†#, , ,
#.......# ,
#)#######
*#.......#
#.......#
*#########*
#.......# *
* *
#...#...# ,
*,
#..###..#+#
,, , * ,
#...#...#.+,
,+
#.......#9#
,
#.......'@#
,
###########
* * *


You could see a molten gargoyle.

Vanquished Creatures
  Sigmund (D)
  A gnoll sergeant (D)
  2 iron imps (D)
  A mummy (D)
  An ooze (D)
  3 jackals (D)
  A bat (D)
10 creatures vanquished.

Notes
Turn   | Place    | Note
-------+----------+-------------------------------------------
     0 | D        | poirepourri the Deep Dwarf Fighter began the quest for the Orb.
     0 | D        | Reached XP level 1. HP: 20/20 MP: 1/1
    36 | D        | Found a bloodstained altar of Trog.
    36 | D        | Found a deep blue altar of Sif Muna.
    36 | D        | Found a viscous altar of Jiyva.
    36 | D        | Found a hazy altar of Hepliaklqana.
    36 | D        | Found an opulent altar of Gozag.
    37 | D        | Found a glowing golden altar of the Shining One.
    37 | D        | Found a glowing silver altar of Zin.
    37 | D        | Found a basalt altar of Yredelemnul.
    37 | D        | Found a shimmering altar of Xom.
    37 | D        | Found an ornate altar of the Wu Jian Council.
    37 | D        | Found a sacrificial altar of Ru.
    37 | D        | Found a stormy altar of Qazlal.
    37 | D        | Found an iron altar of Okawaru.
    37 | D        | Found a sparkling altar of Nemelex Xobeh.
    37 | D        | Found a burning altar of Makhleb.
    37 | D        | Found a blossoming altar of Fedhas.
    37 | D        | Found a white marble altar of Elyvilon.
    37 | D        | Found a shadowy altar of Dithmenos.
    37 | D        | Found a snail-covered altar of Cheibriados.
    41 | D        | Found a roughly hewn altar of Beogh.
    41 | D        | Found a corrupted altar of Lugonu.
    41 | D        | Found a radiant altar of Vehumet.
    42 | D        | Found a shattered altar of Ashenzari.
    42 | D        | Found an ancient bone altar of Kikubaaqudgha.
    42 | D        | Found a hide-covered altar of Uskayaw.
    51 | D        | Became a worshipper of Makhleb the Destroyer
   106 | D        | Noticed an iron imp
   107 | D        | Noticed Sigmund
   114 | D        | Noticed an iron imp
   118 | D        | Killed an iron imp
   118 | D        | Reached skill level 5 in Shields
   118 | D        | Reached XP level 2. HP: 20/31 MP: 2/2
   120 | D        | Reached XP level 3. HP: 24/37 MP: 3/3
   121 | D        | Reached * piety under Makhleb
   139 | D        | Killed Sigmund
   139 | D        | Reached ** piety under Makhleb
   139 | D        | Reached skill level 7 in Shields
   139 | D        | Reached XP level 4. HP: 42/49 MP: 3/3
   139 | D        | Reached XP level 5. HP: 48/56 MP: 4/4
   143 | D        | Reached skill level 8 in Shields
   176 | D        | Reached XP level 6. HP: 46/66 MP: 5/5
   178 | D        | Noticed a molten gargoyle
   197 | D        | Slain by a molten gargoyle

Vault maps used:
D:        pitsprint

Skill      XL: |  1  2  3  4  5 |
---------------+----------------+-----
Fighting       | 4 6 7 |  7.4
Axes           | 3 6 7 |  7.7
Shields        | 5 7 8 |  8.7
Dodging        | 2 |  2.4
Armour         | |  3.2

Action                   |  1- 3 |  4- 6 || total
-------------------------+-------+-------++-------
Melee: War axe           |    24 |    37 ||    61
 Abil: Heal Wounds       |     2 |     2 ||     4
Armor: Scale mail        |     9 |     3 ||    12
Dodge: Dodged            |     4 |     7 ||    11
Block: Shield            |     5 |    14 ||    19
